Cogmind - Beta 16 @@@ ROGUE MODE // 2025.11.09 @ 13:30:07 Player: Dex'o Result: Self-destructed Performance ------------- Evolutions (1) 500 Regions Visited (2) 400 Robots Destroyed (12) 60 Value Destroyed (295) 295 Prototype IDs (6) 120 Alien Tech Used (0) 0 Bonus (0) 0 TOTAL SCORE: 1375 Bonus ------- None Cogmind --------- Core Integrity 170/400 Matter 300/300 Energy 40/100 System Corruption 8% Temperature Cool (52) Movement Core (50) Location -9/Materials Parts ------- > --- POWER (1) -------- (None) > --- PROPULSION (3) --- (None) > --- UTILITY (3) ------ Heat Sink Small Storage Unit Weight Redist. System > --- WEAPON (2) ------- (None) > --- INVENTORY (8) ---- Improved Ion Engine Compact Wheel Grenade Launcher Mining Laser Peak State ------------ > --- POWER ------------ Improved Ion Engine > --- PROPULSION ------- Wheel Compact Wheel Improved Flight Unit > --- UTILITY ---------- Small Storage Unit Structural Scanner Seismic Detector > --- WEAPON ----------- Medium Laser Medium Laser > --- INVENTORY -------- Improved Ion Engine Light Treads Light Treads Medium Laser Medium Laser Grenade Launcher Mining Laser [Rating: 12] Favorites ----------- Power Improved Ion Engine Engine Improved Ion Engine Propulsion Compact Wheel Treads Light Treads Wheel Compact Wheel Flight Unit Improved Flight Unit Utility Small Storage Unit Device Seismic Detector Storage Small Storage Unit Weapon Medium Laser Energy Gun Medium Laser Special Weapon Mining Laser Build | -11 -10 -9 ------- Run | Yrd Mat Mat Slots Evolved 2 | . . 2 Power . | . . . Propulsion 1 | . . 1 Utility 1 | . . 1 Weapon . | . . . Parts Attached 20 | 7 3 10 Power 3 | 1 . 2 Engine 3 | 1 . 2 Core . | . . . Reactor . | . . . Propulsion 6 | 2 . 4 Treads 3 | . . 3 Leg . | . . . Wheel 2 | 2 . . Hover . | . . . Flight 1 | . . 1 Utility 5 | 2 . 3 Device 4 | 1 . 3 Storage 1 | 1 . . Processor . | . . . Hackware . | . . . Protection . | . . . Artifact . | . . . Weapon 6 | 2 3 1 Energy Gun 5 | 2 2 1 Energy Cannon . | . . . Ballistic Gun . | . . . Ballistic Cannon . | . . . Launcher . | . . . Special Weapon 1 | . 1 . Impact Weapon . | . . . Slashing Weapon . | . . . Piercing Weapon . | . . . Special Melee Weapon . | . . . Unidentified Prototypes 1 | . . 1 Parts Lost 11 | . . 11 Power 1 | . . 1 Propulsion 4 | . . 4 Utility 2 | . . 2 Weapon 4 | . . 4 Highest Loss Streak 8 | . . 8 To Critical Strikes . | . . . Average Backups 6 | 4 7 6 Power . | . 1 1 Propulsion 1 | 1 2 1 Utility . | . . . Weapon 3 | 2 3 3 Tool/Special . | . . . Unused Backups 5 | . 1 4 Power 3 | . . 3 Propulsion . | . . . Utility . | . . . Weapon 2 | . 1 1 Tool/Special . | . . . Average Slot Usage (%) 88 | . 100 84 Engine 11 | . 14 10 Treads 4 | . . 6 Wheel 19 | . 28 15 Device 17 | . 14 18 Storage 11 | . 14 11 Energy Gun 22 | . 26 21 Peak Build Rating 12 | 7 7 12 Average Rating 7 | 3 7 9 On Entrance 4 | . 7 7 Avg Prop Armor Cover (%) 2 | . . 2 Naked Turns . | . . . Heaviest Build 18 | 12 13 18 Greatest Support 66 | 26 26 66 Greatest Overweight (x) . | . . . Average Overweight (x) . | . . . Largest Inventory Capacity 8 | 8 8 8 Average Capacity 7 | 7 8 8 Most Carried 8 | 7 8 8 Average Carried 6 | 4 7 6 Final Capacity 8 | 8 8 8 Final Carried 8 | 5 8 4 Class Distribution -------------------- 100% | Mutant Dominant Class ---------------- Mutant | -10/Materials Mutant | -9/Materials Resources | -11 -10 -9 ----------- Run | Yrd Mat Mat Matter Collected 435 | 250 30 155 Remotely . | . . . Salvage Created 365 | 27 65 273 Parts 23 | 3 4 16 Haulers Intercepted . | . . . Recyclers Shooed . | . . . Parts Field Recycled . | . . . Retrieved Matter . | . . . Parts Self-Destructed . | . . . Prevented . | . . . Parts Restored . | . . . Kills | -11 -10 -9 ------- Run | Yrd Mat Mat Combat Hostiles Destroyed 9 | . 1 8 Guns 8 | . 1 7 Classes Destroyed 5 | 1 2 2 Tunneler 1 | 1 . . Watcher 2 | . 1 1 Swarmer 3 | . . 3 Grunt 5 | . 1 4 Brawler 1 | . . 1 Best Kill Streak 5 | 1 1 5 Combat Bots Only 4 | . 1 4 Max Kills in Single Turn 1 | 1 1 1 Gunslinging . | . . . Exploded . | . . . Melee . | . . . Uniques/NPCs Destroyed . | . . . Combat | -11 -10 -9 -------- Run | Yrd Mat Mat Hostile Shots Fired 108 | . 9 99 Missed 14 | . 2 12 Hits 94 | . 7 87 Melee 4 | . . 4 Projectile 90 | . 7 83 Critical Strikes 3 | . . 3 Damage Taken 1171 | . 80 1091 Core 264 | . 34 230 Absorbed by Shields . | . . . Core Remaining (%) 93 | 100 86 . Volleys Fired 57 | 1 14 42 Largest 2 | 2 2 2 Hottest 100 | 90 100 100 Shots Fired 102 | 2 21 79 Gun 99 | 2 18 79 Cannon . | . . . Launcher . | . . . Special 3 | . 3 . Kinetic . | . . . Thermal 102 | 2 21 79 Explosive . | . . . Electromagnetic . | . . . Robot Hit Streak 9 | 1 3 9 Robot Miss Streak 4 | 1 1 4 Penetration Max . | . . . Secondary Targets . | . . . Shots Hit Robots 56 | 1 8 47 Core Hits 19 | 1 3 15 Critical Kills . | . . . Critical Parts Destroyed . | . . . Critical Strikes 5 | . . 5 Burn 5 | . . 5 Melee Attacks . | . . . Impact . | . . . Slashing . | . . . Piercing . | . . . Sneak Attacks . | . . . Combat Hostiles . | . . . Follow-up Attacks . | . . . Damage Inflicted 700 | 11 100 589 Guns 700 | 11 100 589 Cannons . | . . . Explosions . | . . . Melee . | . . . Ramming . | . . . Kinetic . | . . . Thermal 700 | 11 100 589 Explosive . | . . . Electromagnetic . | . . . Impact . | . . . Slashing . | . . . Piercing . | . . . Highest Corruption 8 | . . 8 Average Corruption 7 | . . 7 Corruption Purged . | . . . Corruption Blocked . | . . . Effects 6 | . . 6 Matter Fused 2 | . . 2 Heat Flow Errors 1 | . . 1 Parts Fused 1 | . . 1 Data Loss (minor) 1 | . . 1 Weapon Failures 1 | . . 1 Overload Shots . | . . . Overflow Damage . | . . . Projectiles . | . . . Explosions . | . . . Melee . | . . . Knockbacks . | . . . Impact . | . . . Kinetic . | . . . Secondary . | . . . Self-Inflicted Damage . | . . . Shots . | . . . Rammed . | . . . Targets Rammed . | . . . Kicked . | . . . Crushed . | . . . Highest Temperature 500 | 30 270 500 Average Temperature 136 | 17 85 157 Received Heat Transfer 438 | . 42 396 Effects 10 | . 4 6 Shutdowns 1 | . . 1 Energy Bleed 2 | . . 2 Interference 6 | . 4 2 Damage (minor) 1 | . . 1 Siege Activations . | . . . Martial Activations . | . . . Shielding Activations . | . . . Robots Disrupted . | . . . Combat Hostiles . | . . . Robots Corrupted . | . . . Combat Hostiles . | . . . Parts Fried . | . . . Impact Corruptions . | . . . Robots Melted 1 | . . 1 Combat Hostiles 1 | . . 1 Parts Melted 3 | . 1 2 Heat Transferred 2430 | 25 296 2109 Parts Sabotaged . | . . . Parts Stolen . | . . . Parts Stripped . | . . . Power Chain Reactions . | . . . Alert | -11 -10 -9 ------- Run | Yrd Mat Mat Maximum Alert Level . | . . . Low Security (%) 100 | 100 100 100 Level 1 . | . . . Level 2 . | . . . Level 3 . | . . . Level 4 . | . . . Level 5 . | . . . High Security . | . . . Max Security . | . . . Peak Influence 110 | . 59 110 Initial 20 | . . 20 Average 13 | . 7 18 Influence Increases 356 | 5 108 243 Destroy 0b10 Robot/C 180 | . 20 160 Destroy 0b10 Robot/NC 15 | 5 5 5 Destroy Leader 24 | . 2 22 Successful Hack 31 | . 20 11 Disable Machine 30 | . 30 . Destroy Structure 31 | . 31 . Lose Combat Pursuer 45 | . . 45 Influence Decreases 342 | 5 59 278 Entered New Map 29 | . . 29 Time Decay 213 | 5 59 149 Lost Part 100 | . . 100 Squads Dispatched 1 | . . 1 Investigation . | . . . Extermination . | . . . Reinforcement 1 | . . 1 Assault . | . . . Garrison . | . . . Intercept . | . . . Searches Triggered . | . . . Construction Impeded . | . . . Haulers Reinforced . | . . . Active Scanning Responses . | . . . Cargo Convoy Interrupts . | . . . Stealth | -11 -10 -9 --------- Run | Yrd Mat Mat Distress Signals 2 | . . 2 Communications Jammed . | . . . Distress Signals . | . . . Times Spotted 18 | . 3 15 Peak Tracking Total 8 | . 2 8 Tactical Retreats 3 | . . 3 Traps | -11 -10 -9 ------- Run | Yrd Mat Mat Traps Triggered . | . . . Indirectly . | . . . Trap Hack Attempts . | . . . Triggered . | . . . Disarmed . | . . . Reprogrammed . | . . . Reused . | . . . Traps Extracted . | . . . Installed . | . . . Triggered . | . . . Machines | -11 -10 -9 ---------- Run | Yrd Mat Mat Machines Disabled 2 | . 2 . Max in Single Turn 2 | . 2 . Machines Repaired . | . . . Machines Dismantled . | . . . Machines Sabotaged . | . . . Overloaded Fab Kills . | . . . Hacking | -11 -10 -9 --------- Run | Yrd Mat Mat Machines Accessed 8 | . 5 3 Terminals 8 | . 5 3 Fabricators . | . . . Repair Stations . | . . . Recycling Units . | . . . Scanalyzers . | . . . Garrison Access . | . . . Total Hacks 25 | . 18 7 Successful 13 | . 11 2 Failed 12 | . 7 5 Catastrophic 2 | . 1 1 Database Lockouts . | . . . Manual 21 | . 14 7 Terminals 25 | . 18 7 Fabricators . | . . . Repair Stations . | . . . Recycling Units . | . . . Scanalyzers . | . . . Garrison Access . | . . . Terminal Hacks 7 | . 6 1 Prototype ID Bank 4 | . 3 1 Terminal Index 1 | . 1 . Alert Level 1 | . 1 . Locate Traps 1 | . 1 . Fabricator Hacks . | . . . Repair Station Hacks . | . . . Recycling Unit Hacks . | . . . Scanalyzer . | . . . Garrison Access Hacks . | . . . Unauthorized Hacks 6 | . 5 1 Terminals 6 | . 5 1 Botnet 6 | . 5 1 Fabricators . | . . . Repair Stations . | . . . Recycling Units . | . . . Scanalyzers . | . . . Garrison Access . | . . . Data Cores Recovered . | . . . Used . | . . . Hacking Detections 8 | . 5 3 Full Trace Events . | . . . Feedback Events . | . . . Feedback Blocked . | . . . Robot Schematics Acquired . | . . . Robots Built . | . . . Authchips . | . . . Time . | . . . Total Robot Build Rating . | . . . Part Schematics Acquired . | . . . Parts Built . | . . . Authchips . | . . . Time . | . . . Total Part Build Rating . | . . . Part Studies Acquired . | . . . Parts Repaired . | . . . Time . | . . . Parts Recycled . | . . . Recycled Matter . | . . . Retrieved Matter . | . . . Retrieved Components . | . . . Parts Scanalyzed . | . . . Part Schematics Acquired . | . . . Parts Damaged . | . . . Bothacking | -11 -10 -9 ------------ Run | Yrd Mat Mat Used RIF Installer . | . . . Robots Hacked . | . . . Non-combat . | . . . Combat . | . . . Robot Hacks Applied . | . . . Relay Couplers Released . | . . . Fabnet Peak Effective % . | . . . Robots Rewired . | . . . Allies Hacked . | . . . Hacks Repelled . | . . . Allies | -11 -10 -9 -------- Run | Yrd Mat Mat Total Allies . | . . . Largest Group . | . . . Highest-Rated Group . | . . . Highest-Rated Ally . | . . . Total Orders . | . . . Ally Attacks . | . . . Total Damage . | . . . Kills . | . . . Allies Corrupted . | . . . Allies Melted . | . . . Intel | -11 -10 -9 ------- Run | Yrd Mat Mat Active Infowar (turns) 516 | 5 197 314 Structural 314 | . . 314 Seismic 508 | 5 197 306 Robot Analysis Total . | . . . Derelict Logs Recovered . | . . . Drone Launches . | . . . Drone Recoveries . | . . . Exploration | -11 -10 -9 ------------- Run | Yrd Mat Mat Turns Passed 820 | 76 230 514 Spaces Moved 540 | 56 194 290 Core 2 | 2 . . Treads 35 | . . 35 Legs . | . . . Wheels 503 | 54 194 255 Hover . | . . . Flight . | . . . Fastest Speed 50 | 50 90 90 Average Speed 95 | 97 90 98 Slowest Speed 160 | 100 90 160 Overloaded Moves . | . . . Propulsion Burnouts . | . . . Robots Hopped . | . . . Potential Cave-ins . | . . . Cave-ins Triggered . | . . . Exploration Rate (%) 22 | 4 44 18 Regions Visited 2 Branch Regions . Pre-discovered Areas . | . . . Known Exits Taken . | . . . Unknown Exits Taken 2 | 1 1 . Scrap Searched . | . . . Spaces Dug 2 | . 2 . Terrain Destroyed 40 | . 40 . Melee . | . . . Projectile 2 | . 2 . AOE 38 | . 38 . Terrain Rammed . | . . . Walls Destroyed . | . . . Machines Disabled . | . . . Actions | -11 -10 -9 --------- Run | Yrd Mat Mat Total 735 | 75 221 439 Wait 88 | . 6 82 Move 538 | 55 193 290 Hop . | . . . Pick Up 23 | 12 4 7 Fast Attach . | . . . Attach 15 | 7 . 8 Detach . | . . . Swap 8 | . 3 5 Drop 6 | . 1 5 Fire 57 | 1 14 42 Melee . | . . . Ram . | . . . Kick . | . . . Crush . | . . . Escape Stasis . | . . . Rewire . | . . . Trap . | . . . Miscellaneous . | . . . Route ------- -11/Scrapyard -10/Materials (discovered 2 exits: *Mat / [*Min]) -9/Materials History --------- Turn | Location | Event 20 | -11/Scrapyard | Discovered new exit (range 14) 77 | -11/Scrapyard | Entered Materials 158 | -10/Materials | Discovered new exit (range 6) 189 | -10/Materials | Discovered new exit (range 13) 307 | -10/Materials | Entered another Materials area 307 | -9/Materials | Evolved 2 slots: Propulsion x1, Utility x1 337 | -9/Materials | Build established: Mutant 657 | -9/Materials | Lost 3 parts (1n2u) 817 | -9/Materials | Core integrity fell below 50% 821 | -9/Materials | Self-destructed Last Messages --------------- Acquired 10 matter. S-10 Pest suffers critical hit (Burn). S-10 Pest destroyed. R-06 Scavenger collects Lgt. Ion Engine. Critical hit (Burn: +37). G-34 Mercenary suffers critical hit (Burn). Electrolysis Chamber disabled. G-34 Mercenary destroyed. Lgt. Treads destroyed. Med. Laser destroyed. Acquired 10 matter. G-34 Mercenary suffers critical hit (Burn). G-34 Mercenary overheating. System corrupted: Imp. Ion Engine fused. Lgt. Treads destroyed. Imp. Ion Engine destroyed. Med. Laser destroyed. Critical hit (Burn: +37). G-34 Mercenary overheating. Med. Laser destroyed. Map ----- +----------------------------------------------------+ | ?????????????????????????????????????????????????? | | ?????????????????????????????????????????????????? | | ?????????????????????????????????????????????????? | | ?????????????????????????????????????????????????? | | ?????????????????????????????????????????????????? | | ?????????????????????????????????????????????????? | | ?????????????????????????????????????????????????? | | ?????????????????????????????????????????????????? | | ?????????????????????????????????????????????????? | | ?????????????????????????????????????????????????? | | ?????????????????????????????????????????????????? | | ?????????????????????????????????????????????????? | | ?????????????????????????????????????????????????? | | ?????????????????????????????????????????????????? | | ?????????????????????????????????????????????????? | | ?????????????????????????????????###?????????????? | | ?????????????????????????????? # ??????????????? | | ?????????????????????????????? +???????????????? | | ?????????????????? ? ######## # ??????????????? | | ?????????????????? ? ######## %# ??????????????? | | ?????????????????? ? # # ##??????????????? | | ?????????????????? ? # """*# ##??????????????? | | ##### ???????????? ? # """Y/% ##??????????????? | | ##### ???????????? ? # *" Y# ##??????????????? | | !! # ??????????## ? # =%== # ##??????????????? | | !! # ??????????## # %@%[]# ##?## ??????????? | | ! # ??????????##+#####g##### ##?## ??????????? | | # ??????????## ##### ##### / ??????????? | | " " ##??????????## ##?## ##### ##??????????????? | | "T" ##??????????## ##?## #####???????????? | | """ ############## #####" #####+######???????????? | | ###+############## #####%"# ##???????????? | | "%+ ##???????????? | | ##############+##### # """ """ ##???????????? | | # ## # #[""" """ ##???????????? | | + """ ## "T" # + """ """ ##???????????? | | ##### "T" ## #### ##???????????? | | ##### ## ! #### ! ##???????????? | | ???############# #### ##???????????? | | ???###################################???????????? | | | | | | | | | | | | | | | | | | | | | +----------------------------------------------------+ Best States ------------- Heat Dissipation 38 Energy Generation 12 Energy Capacity 265 Matter Stores 300 Matter Capacity 300 Sight Range 16 Terrain Scan Density 10 Additional Mass Support 6 Evasion (%) 42 Recoil Reduction 3 Item Schematics ----------------- None Robot Schematics ------------------ None Fabricated ------------ Nothing Repaired ---------- Nothing Studied --------- None Alien Tech Used ----------------- None Achievements -------------- None Challenges ------------ None Game ------ Seed MatterSystemDriveblaster Manual? 0 Play Time 00:17:26 Cumulative 21.2 hours Start 2025.11.09 @ 13:16:03 End 2025.11.09 @ 13:30:07 Sessions 1 Manual Loads 0 Difficulty Rogue Special Mode None Game No. 34 Rogue 34 Adventurer 0 Explorer 0 Win Type - Total 0 Types 0/0/0/0/0/0/0/0/0/0 Lore% 13 Gallery% 26 Achievement% 18 Wizard Run 0 Options --------- Layout 1 ASCII 0 Keyboard 0 Movement Mouse Keybinds 0 Fullscreen 2 Font 24/Smallcaps Map View 50x35 Zoom Use 0% Tactical HUD 0 Map Filters NONE Filters NONE Steam 1 RUN: 11a127d3-7f15-45a6-9873-4f582ea5c9bc